 Dungeon Crawl Stone Soup version 0.29-a0-613-gf2c431b9b9 (webtiles) character file.

Game seed: 16704251483493407367

11 zeratav the Stinger (level 2, -1/17 HPs)
             Began as an Octopode Venom Mage on June 16, 2022.
             Slain by a hobgoblin (3 damage)
             ... on level 1 of the Dungeon.
             The game lasted 00:00:59 (458 turns).

zeratav the Stinger (Octopode Venom Mage)            Turns: 458, Time: 00:01:00

Health: -1/17      AC:  1    Str:  7    XL:     2   Next: 29%
Magic:  13/14      EV: 12    Int: 17    God:
Gold:   9          SH:  5    Dex: 12    Spells: 4/5 levels left

rFire   . . .      SeeInvis .   c - +0 short sword {short}
rCold   . . .      Faith    .   d - +2 buckler
rNeg    . . .      Spirit   .   (helmet restricted)
rPois   .          Reflect  .   (no amulet)
rElec   .          Harm     .   f - ring of magical power
rCorr   .          Rampage  .   (no ring)
Will    .....                   (no ring)
Stlth   +++.......              (no ring)
HPRegen 0.05/turn               (no ring)
MPRegen 0.14/turn               (no ring)
                                (no ring)
                                (no ring)

@: no status effects
A: almost no armour, amphibious, 8 rings, camouflage 1, gelatinous body 1,
(nimble swimmer 1), tentacles
a: no special abilities


You were on level 1 of the Dungeon.
You visited 1 branch of the dungeon, and saw 1 of its levels.

You collected 9 gold pieces.


Innate Abilities, Weirdness & Mutations

You cannot wear most types of armour.
You are amphibious.
You can wear up to eight rings at the same time.
Your skin changes colour to match your surroundings (Stealth+).
Your rubbery body absorbs attacks. (AC +1, EV +1)
((You are camouflaged when in or above water. (Stealth+)))
You have tentacles for arms and can constrict up to eight enemies at once.


   Skills:
 - Level 2.0 Dodging
 + Level 3.0 Stealth
 + Level 0.5 Shields
 + Level 2.1 Spellcasting
 - Level 1.0 Transmutations
 * Level 4.0 Poison Magic


You had 4 spell levels left.
You knew the following spells:

 Your Spells              Type           Power      Damage    Failure   Level
a - Sting                 Tmut/Pois      40%        1d5       10%         1

Your spell library contained the following spells:

 Spells                   Type           Power      Damage    Failure   Level
 Poisonous Vapours        Pois/Air       16%        N/A       17%         2
 Mephitic Cloud           Conj/Pois/Air  6%         N/A       41%         3
 Olgreb's Toxic Radiance  Pois           15%        N/A       45%         4

Inventory:

Hand Weapons
 c - a +0 short sword (weapon) {short}
   (You took it off a kobold on level 1 of the Dungeon)
Armour
 d - a +2 buckler (worn)
   (You found it on level 1 of the Dungeon)
Jewellery
 f - a ring of magical power (left tentacle)
   (You found it on level 1 of the Dungeon)
Scrolls
 e - a scroll of enchant armour {unknown}
Potions
 a - a potion of magic
 b - a potion of mutation {unknown}

Dungeon Overview and Level Annotations

Branches:
Dungeon (1/15) Zot: 5539

Altars:

.# #..# ######.. .#
#..# #.. ......... .#
...# #.# ########. .#
#.# #. .. #.# #. ## #
#.###########. ...
#.#...........
#$..######.#.#########.
#....g@.....># #.
#..[###†...### #. ...
###### #. . #. #. ..


You could see a hobgoblin.


Message History

You constrict the kobold, but do no damage.
The kobold closely misses you.
You hit the kobold. You squeeze the kobold.
You kill the kobold!
Items here: ))) †.
Okay, then.
You start resting.
Your magical contamination has completely faded away.
HP[+5] MP[+5]
Your hp is fully restored (11).
Your mp is fully restored (12).
Found an escape hatch in the floor.
There is an escape hatch in the floor here.
A quokka comes into view.
A kobold comes into view. It is wielding a +0 dagger.
You miscast Sting.
You are very lightly contaminated with residual magic.
Nothing appears to happen.
MP[-1]
You lost 1 mp, and now have 11/12 mp.
The sting hits the quokka.
The quokka is poisoned.
The quokka misses you.
MP[-1]
You lost 1 mp, and now have 10/12 mp.
The sting hits the quokka.
The quokka looks even sicker.
The kobold shouts!
The quokka barely misses you.
MP[-1]
You lost 1 mp, and now have 9/12 mp.
You barely miss the quokka. You grab the quokka.
You constrict the quokka, but do no damage.
The quokka bites you.
HP[-3]
You take 3 damage, and now have 8/11 hp.
MASSIVE DAMAGE!! (PAUSE)
You hit the quokka but do no damage. You constrict the quokka.
You kill the quokka!
A bat comes into view.
The bat moves out of view.
Your Stealth skill increases to level 3!
You have reached level 2!
HP[+4] MP[+1]
You now have 17 max hp (+6).
You regained 4 hp, and now have 12/17 hp.
A goblin comes into view. It is wielding a +0 club.
You barely miss the kobold.
The goblin shouts!
Your grab misses the kobold. Your squeeze misses the kobold.
You hear a shout!
The kobold misses you.
A hobgoblin comes into view.
You hear a shout!
Your magical contamination has completely faded away.
HP[+1] MP[+1]
You hit the kobold.
You kill the kobold!
The bat hits you but does no damage.
A hobgoblin comes into view.
The bat hits you. The bat completely misses you.
Things that are here:
a +0 dagger {short}; a kobold corpse; HP[-1]
You take 1 damage, and now have 12/17 hp.
You closely miss the bat. Your grab misses the bat. The bat hits you.
The bat barely misses you. You block the goblin's attack.
HP[-1]
You take 1 damage, and now have 11/17 hp.
You hit the bat.
You kill the bat!
The goblin hits you with a +0 club.
* * * LOW HITPOINT WARNING * * *
HP[-4]
You take 4 damage, and now have 7/17 hp.
MASSIVE DAMAGE!! (PAUSE)
You closely miss the goblin. You grab the goblin.
You constrict the goblin, but do no damage.
The goblin closely misses you. The goblin barely misses you.
You hit the goblin but do no damage. You constrict the goblin.
The goblin closely misses you.
MP[+1]
You hit the goblin.
You kill the goblin!
Your Poison Magic skill increases to level 4!
You closely miss the hobgoblin. You grab the hobgoblin.
Your squeeze misses the hobgoblin. You constrict the hobgoblin.
The hobgoblin hits you.
* * * LOW HITPOINT WARNING * * *
HP[-5]
You take 5 damage, and now have 2/17 hp.
MASSIVE DAMAGE!! (PAUSE)
You hit the hobgoblin but do no damage. You constrict the hobgoblin.
You block the hobgoblin's attack.
You hit the hobgoblin but do no damage. You constrict the hobgoblin.
You block the hobgoblin's attack.
You hit the hobgoblin but do no damage.
You squeeze the hobgoblin, but do no damage.
You constrict the hobgoblin.
You kill the hobgoblin!
You closely miss the hobgoblin. You grab the hobgoblin.
You squeeze the hobgoblin.
You constrict the hobgoblin, but do no damage.
The hobgoblin barely misses you. The hobgoblin hits you.
You die...

Skill      XL: |  1  2 |
---------------+-------+-----
Stealth        | 3 |  3.0
Poison Magic   | 4 |  4.0
Dodging        | |  2.0
Shields        | |  0.5
Spellcasting   | |  2.1
Transmutations | |  1.0

Action                   || total
-------------------------++-------
Melee: Short sword       ||    20
       Constrict         ||     6
       Tentacles         ||     4
 Cast: Sting             ||     9
 Stab: Sleeping          ||     2
Armor: Skin              ||     1
Dodge: Dodged            ||    13
Block: Buckler           ||     3

Levels and vault maps discovered:
D:1:      amcnicky_arrival_single_pillar, layout_loops_ring,
          dreamdust_princess_bridge

Notes
Turn   | Place    | Note
-------+----------+-------------------------------------------
     0 | D:1      | zeratav the Octopode Venom Mage began the quest for the
                  | Orb.
     0 | D:1      | Reached XP level 1. HP: 11/11 MP: 3/3
     0 | D:1      | magus.rc [v1.9.6]
   445 | D:1      | Reached skill level 3 in Stealth
   445 | D:1      | Reached XP level 2. HP: 12/17 MP: 5/5
   454 | D:1      | Reached skill level 4 in Poison Magic
   454 | D:1      | HP: 2/17 [hobgoblin (5)]
   458 | D:1      | Slain by a hobgoblin

Vanquished Creatures
  A hobgoblin (D:1)
  A quokka (D:1)
  2 ball pythons (D:1)
  A bat (D:1)
  2 frilled lizards (D:1)
  2 goblins (D:1)
  4 kobolds (D:1)
13 creatures vanquished.

Table legend:
 A = Non-vault XP
 B = Vault XP
 C = Vault XP percentage of total XP
 D = Non-vault monster count
 E = Vault monster count
 F = Vault count percentage of total count
                 A         B        C        D         E       F
            +---------+---------+-------+---------+---------+-------
      Total |      17 |       0 |   0.0 |      13 |       0 |   0.0
            +---------+---------+-------+---------+---------+-------
        D:1 |      17 |       0 |   0.0 |      13 |       0 |   0.0
            +---------+---------+-------+---------+---------+-------

Illustrated notes

Table legend:
 A = Kills in this place as a percentage of kills in entire the game.
 B = Kills by you in this place as a percentage of kills by you in the entire game.
 C = Kills by friends in this place as a percentage of kills by friends in the entire game.
 D = Other kills in this place as a percentage of other kills in the entire game.
 E = Experience gained in this place as a percentage of experience gained in the entire game.
 F = Experience gained in this place divided by the number of levels of this place that you have seen.
                   A       B       C       D       E      F
               +-------+-------+-------+-------+-------+----------------------
         Total | 100.0 | 100.0 |   N/A |   N/A | 100.0 |  17.0
       Dungeon | 100.0 | 100.0 |   N/A |   N/A | 100.0 |  17.0
               +-------+-------+-------+-------+-------+----------------------

Table legend: (Time is in decaauts)
 A = Elapsed time spent in this place.
 B = Non-inter-level travel time spent in this place.
 C = Inter-level travel time spent in this place.
 D = Time resting spent in this place.
 E = Time spent auto-exploring this place.
 F = Levels seen in this place.
 G = Mean time per level.
                   A        B        C        D        E       F      G
               +--------+--------+--------+--------+--------+-----+--------+
         Total |    459 |    459 |      0 |    148 |    232 |   1 |  459.0 |
       Dungeon |    459 |    459 |      0 |    148 |    232 |   1 |  459.0 |
               +--------+--------+--------+--------+--------+-----+--------+

Top non-repeatable levels by time:
     D:1: 459 daAuts
